 Dungeon Crawl Stone Soup version bcrawl-1.12-11-gb93c957c58 (webtiles) character file.

Game seed: 13195640448017962560

1631 BorisKarlOrff the Spear-Bearer (level 8, -8/63 HPs)
             Began as a Minotaur Chaos Knight on June 22, 2019.
             Was a Plaything of Xom.
             Mangled by an orc warrior
             ... wielding a +0 mace
              (16 damage)
             ... on level 6 of the Dungeon.
             The game lasted 00:15:18 (3939 turns).

BorisKarlOrff the Spear-Bearer (MiCK)               Turns: 3939, Time: 00:15:19

Health: -8/63      AC: 13    Str: 23    XL:     8   Next: 65%
Magic:  7/7        EV: 10    Int:  9    God:    Xom [.....*]
Gold:   104        SH:  0    Dex: 12    Spells: 7/7 levels left

rFire    . . .     SeeInvis +   a - +2 spear (chaos)
rCold    + . .     Gourm    .   (no shield)
rNeg     + . .     Faith    .   y - +3 chain mail "Nuqub" {rN+ SInv}
rPois    .         Spirit   .   (helmet restricted)
rElec    +         Reflect  .   (no cloak)
rCorr    .         Harm     .   (no gloves)
MR       .....                  (no boots)
Stlth    ..........             i - amulet of the acrobat
HPRegen  0.20/turn              f - ring of insulation
MPRegen  0.10/turn              n - +6 ring of strength

@: no status effects
A: retaliatory headbutt, horns 2, cold resistance 1, frail 1
a: Renounce Religion


You were on level 6 of the Dungeon.
You worshipped Xom.
You were Xom's teddy bear.
You were not hungry.

You visited 1 branch of the dungeon, and saw 6 of its levels.

You collected 408 gold pieces.
You spent 304 gold pieces at shops.

Inventory:

Hand Weapons
 a - a +2 spear of chaos (weapon)
Missiles
 p - 216 tomahawks (quivered)
Armour
 y - the +3 chain mail "Nuqub" (worn) {rN+ SInv}
   (You bought it in a shop on level 6 of the Dungeon)

   It protects you from negative energy.
   It lets you see invisible.
Jewellery
 d - an uncursed ring of protection from fire
 f - a ring of insulation (left hand)
 i - an amulet of the acrobat (around neck)
 k - a +3 ring of intelligence {unknown}
 n - a +6 ring of strength (right hand)
 o - an uncursed ring of positive energy {unknown}
Wands
 t - a wand of digging (11)
 v - a wand of iceblast (19)
Scrolls
 m - 3 scrolls of remove curse
 u - a scroll of fear {unknown}
 x - a scroll of teleportation {unknown}
Potions
 b - a potion of might
 e - a potion of curing {unknown}
 g - a potion of agility
 h - a potion of brilliance {unknown}
 j - a potion of cancellation {unknown}
 l - 2 potions of flight {unknown}
 q - a potion of ambrosia {unknown}
 s - 2 potions of resistance {unknown}
 w - a potion of mutation
Comestibles
 c - 6 rations {!d}


   Skills:
 + Level 6.5 Fighting
 + Level 8.8 Polearms
 + Level 2.7 Throwing
 + Level 5.9 Armour
 + Level 4.0 Dodging
 + Level 3.0 Stealth


You had 7 spell levels left.
You didn't know any spells.
Your spell library contained the following spells:

 Spells                   Type           Power        Failure   Level  Hunger
 Confuse                  Hex            #.......     100%        3    ####...
 Dazzling Spray           Conj/Hex       #.....       100%        3    ####...
 Lesser Beckoning         Tloc           #.........   100%        3    ####...
 Mephitic Cloud           Conj/Pois/Air  #.......     100%        3    ####...
 Static Discharge         Conj/Air       #.......     100%        3    ####...
 Petrify                  Tmut/Erth      #.......     100%        4    #####..
 Yara's Violent Unravell  Hex/Tmut       #.........   100%        4    #####..
 Metabolic Englaciation   Hex/Ice        #.........   100%        5    ######.
 Passage of Golubria      Tloc           N/A          100%        5    ######.
 Malign Gateway           Summ/Tloc      #.........   100%        7    #######
 Controlled Blink         Tloc           N/A          100%        8    #######


Dungeon Overview and Level Annotations

Branches:
Dungeon (6/12)             Temple (0/1) D:4

Altars:
Cheibriados
Dithmenos
Fedhas
Gozag
Kikubaaqudgha
Lugonu
Nemelex Xobeh
Okawaru

Shops:
D:6 ((*


Innate Abilities, Weirdness & Mutations

You reflexively headbutt those who attack you in melee.
You have a pair of horns on your head.
Your flesh is cold resistant. (rC+)
You are frail. (-10% HP)


Message History

The orc warrior's wounds heal themselves!
You hit the orc warrior but do no damage.
The orc warrior shakes off its lethargy.
The orc warrior goes berserk!
Xom thinks this is hilarious!
Your headbutt misses the orc warrior.
The orc warrior hits you with a +0 mace!
You hit the orc warrior but do no damage.
You hit the orc warrior but do no damage.
The orc warrior flickers and vanishes for a moment.
Your headbutt misses the orc warrior.
The orc warrior hits you with a +0 mace!
* * * LOW HITPOINT WARNING * * *
The orc priest invokes the aid of Beogh against you.
Beogh smites you!
* * * LOW HITPOINT WARNING * * *
You barely miss the orc warrior.
The orc warrior hits you with a +0 mace!
You die...
Xom titters!

#...#.#..#.>...# #.
#####.#.#.#..#<###.###'
#.......#.#..#.# #...'_
#.ooo...#.#..#.# #.####
..o....o#.#..#.# #.# ##
#o#.####.###.####
#o#......#.......
#.########o###....#.######
#.......(@................
####..=###.###............
....... #.# #............
####... #.# #...........#
..... #.# #...).......#
#.##+# #.# #...........#
#. #.# #####.##....# # #.#
.## ##### #.# #


You could see an orc warrior (berserk), 2 orc priests and an orc.

Vanquished Creatures
  Duvessa (D:6)
  A sky beast (D:5)
  An ogre (D:4)
  A centaur (D:6)
  Blork the orc (D:5)
  2 bullfrogs (D:6)
  Dowan (D:6)
  4 scorpions
  A howler monkey (D:6)
  A bullfrog zombie (D:5)
  2 hounds
  A jelly (D:6)
  8 orc wizards
  4 orc priests
  An iguana (D:5)
  4 worker ants
  A hound zombie (D:5)
  A worker ant zombie (D:5)
  A howler monkey skeleton (D:6)
  6 adders
  4 worms
  An adder skeleton (D:4)
  3 dart slugs
  5 leopard geckos
  18 orcs
  A giant cockroach (D:1)
  9 goblins
  5 hobgoblins
  8 jackals
  6 kobolds
  4 quokkas
  2 ball pythons
  3 bats
  7 rats
  A bush (D:6)
120 creatures vanquished.

Vanquished Creatures (collateral kills)
  An orc (D:4)
1 creature vanquished.

Vanquished Creatures (others)
  An orc (D:6)
1 creature vanquished.

Grand Total: 122 creatures vanquished

Notes
Turn   | Place    | Note
-------+----------+-------------------------------------------
     0 | D:1      | BorisKarlOrff the Minotaur Chaos Knight began the quest for
                  | the Orb.
     0 | D:1      | Reached XP level 1. HP: 19/19 MP: 0/0
    30 | D:1      | XOM: potion effect (heal wounds)
    62 | D:1      | Reached skill level 4 in Polearms
    62 | D:1      | Reached XP level 2. HP: 22/27 MP: 1/1
   352 | D:1      | XOM: potion effect (might)
   360 | D:1      | Reached XP level 3. HP: 28/34 MP: 2/2
   801 | D:2      | XOM: harmless Summ miscast
   909 | D:2      | Found a shadowy altar of Dithmenos.
  1046 | D:2      | XOM: cloud trail
  1196 | D:3      | Reached XP level 4. HP: 41/41 MP: 3/3
  1210 | D:3      | XOM: smoke on damage
  1311 | D:3      | XOM: noise
  1316 | D:3      | Reached skill level 5 in Fighting
  1316 | D:3      | Reached skill level 5 in Polearms
  1509 | D:3      | Reached XP level 5. HP: 48/48 MP: 4/4
  1560 | D:3      | Identified Xom's Volume of Success (Xom gifted it to you on
                  | level 3 of the Dungeon)
  1560 | D:3      | XOM: god gift: Xom's Volume of Success
  1796 | D:3      | XOM: medium Conj miscast
  1798 | D:3      | Gained mutation: You are frail. (-10% HP) [potion of
                  | mutation]
  1798 | D:3      | Gained mutation: Your flesh is cold resistant. (rC+)
                  | [potion of mutation]
  1832 | D:4      | Found a staircase to the Ecumenical Temple.
  1838 | D:4      | XOM: summons 4 friendly demons
  1876 | D:4      | Reached skill level 1 in Stealth
  1881 | D:4      | Reached skill level 6 in Polearms
  1881 | D:4      | Reached XP level 6. HP: 26/50 MP: 5/5
  1887 | D:4      | XOM: mild Hex miscast
  2052 | D:4      | Reached skill level 1 in Throwing
  2213 | D:4      | Reached XP level 7. HP: 51/54 MP: 6/6
  2542 | D:5      | Entered Level 5 of the Dungeon
  2656 | D:5      | Reached skill level 7 in Polearms
  2763 | D:5      | Noticed Blork the orc
  2763 | D:5      | XOM: swap monsters
  2768 | D:5      | Killed Blork the orc
  3019 | D:5      | Found an ancient bone altar of Kikubaaqudgha.
  3019 | D:5      | XOM: summons 3 hostile demons
  3026 | D:5      | XOM: confuse monster(s)
  3154 | D:5      | XOM: cast spell 'Shadow Creatures'
  3192 | D:5      | Found a snail-covered altar of Cheibriados.
  3464 | D:6      | Noticed Duvessa
  3482 | D:6      | XOM: harmless Necr miscast
  3484 | D:6      | XOM: potion effect (invisibility)
  3490 | D:6      | Noticed Dowan
  3497 | D:6      | XOM: chaos upgrade
  3504 | D:6      | Killed Duvessa
  3504 | D:6      | Reached skill level 5 in Armour
  3504 | D:6      | Reached XP level 8. HP: 63/63 MP: 7/7
  3525 | D:6      | Reached skill level 8 in Polearms
  3543 | D:6      | Killed Dowan
  3544 | D:6      | Found an iron altar of Okawaru.
  3636 | D:6      | Found a sparkling altar of Nemelex Xobeh.
  3657 | D:6      | Found Qybity's Assorted Antiques.
  3663 | D:6      | Bought a blackened chain mail for 304 gold pieces
  3675 | D:6      | Identified the +3 chain mail "Nuqub" {rN+ SInv} (You bought
                  | it in a shop on level 6 of the Dungeon)
  3777 | D:6      | Found an opulent altar of Gozag.
  3777 | D:6      | Found a corrupted altar of Lugonu.
  3777 | D:6      | Found a blossoming altar of Fedhas.
  3810 | D:6      | Found Goonaame's Antique Weapon Boutique.
  3923 | D:6      | Found Luaguykue's Antique Weapon Shoppe.
  3939 | D:6      | Mangled by an orc warrior

Skill      XL: |  1  2  3  4  5  6  7  8 |
---------------+-------------------------+-----
Fighting       | 4 5 6 |  6.5
Polearms       | 4 5 6 7 8 |  8.8
Dodging        | 2 3 4 |  4.0
Armour         | 3 5 |  5.9
Stealth        | 1 3 |  3.0
Throwing       | 1 2 |  2.7

Action                   |  1- 3 |  4- 6 |  7- 9 || total
-------------------------+-------+-------+-------++-------
Melee: Spear             |    89 |    68 |   191 ||   348
       Headbutt          |    11 |    16 |    46 ||    73
Throw: Tomahawk          |       |    19 |       ||    19
  Use: Scroll            |     5 |     2 |     1 ||     8
       Potion            |       |     1 |       ||     1
 Stab: Paralysed         |     2 |       |       ||     2
       Invisible         |       |       |     9 ||     9
       Distracted        |       |       |     1 ||     1
  Eat: Ration            |     1 |     1 |     2 ||     4
Armor: Leather armour    |    17 |       |       ||    17
       Scale mail        |       |     5 |       ||     5
       Chain mail        |       |       |    55 ||    55
Dodge: Dodged            |    38 |    51 |    77 ||   166
